 Dungeon Crawl Stone Soup version 0.28-a0-843-gb979743d38 (webtiles) character file.

Game seed: 863335800710839155

18999 Nixze the Thaumaturge (level 12, -2/73 HPs)
             Began as a Deep Elf Conjurer on Nov 12, 2021.
             Was an Elder of Sif Muna.
             Slain by a two-headed ogre (11 damage)
             ... on level 11 of the Dungeon.
             The game lasted 01:10:10 (20131 turns).

Nixze the Thaumaturge (Deep Elf Conjurer)          Turns: 20131, Time: 01:10:11

Health: -2/73      AC: 16    Str:  4    XL:     12   Next: 32%
Magic:  2/29       EV: 14    Int: 29    God:    Sif Muna [****..]
Gold:   473        SH:  0    Dex: 13    Spells: 11/34 levels left

rFire   + . .      SeeInvis .   v - staff of death
rCold   x . .      Faith    .   I - +0 buckler of Ajoiggu {+Inv}
rNeg    + . .      Spirit   .   x - +0 steam dragon scales
rPois   .          Reflect  .   q - +1 helmet
rElec   .          Harm     .   L - +0 cloak {rCorr}
rCorr   +          Rampage  .   c - +0 pair of gloves
Will    +....                   K - +2 pair of boots
Stlth   +.........              r - amulet of regeneration
HPRegen 1.22/turn               h - +4 ring of protection
MPRegen 0.21/turn               G - ring of fire

@: confused, brilliant
A: no striking features
a: Renounce Religion, Evoke Invisibility, Channel Magic, Forget Spell, Divine
Exegesis


You were on level 11 of the Dungeon.
You worshipped Sif Muna.
Sif Muna was greatly pleased with you.
You visited 2 branches of the dungeon, and saw 12 of its levels.
You also visited: Ossuary.

You collected 1089 gold pieces.
You spent 616 gold pieces at shops.

Inventory:

Hand Weapons
 u - a +0 dagger of electrocution
 J - a +0 scimitar of flaming
 O - a +0 whip of electrocution
Missiles
 b - 518 stones
Armour
 c - a +0 pair of gloves (worn)
 e - a scarf of shadows
 q - a +1 helmet (worn)
 x - +0 steam dragon scales (worn)
 I - the +0 buckler of Ajoiggu (worn) {+Inv}
   (You acquired it on level 7 of the Dungeon)

   +Inv:      It lets you turn invisible.
 K - a +2 pair of boots (worn)
 L - a +0 cloak of preservation (worn)
 N - +0 acid dragon scales
Magical Staves
 s - a staff of poison
 v - a staff of death (weapon)
Jewellery
 f - an amulet of guardian spirit
 h - a +4 ring of protection (left hand)
 r - an amulet of regeneration (around neck)
 C - an amulet of the acrobat
 G - a ring of fire (right hand)
Wands
 t - a wand of flame (22)
 D - a wand of iceblast (32) (quivered)
 H - a wand of polymorph (8)
 M - a wand of mindburst (14)
 R - a wand of paralysis (7)
Scrolls
 g - 8 scrolls of identify
 l - 2 scrolls of immolation
 o - 4 scrolls of teleportation
 p - a scroll of fear {unknown}
 y - a scroll of magic mapping {unknown}
 P - a scroll of silence {unknown}
Potions
 a - 5 potions of attraction {unknown}
 i - 3 potions of mutation {unknown}
 j - 3 potions of lignification
 k - 2 potions of brilliance
 m - 11 potions of curing
 n - 4 potions of invisibility
 w - 2 potions of berserk rage {unknown}
 z - 5 potions of ambrosia {unknown}
 A - 3 potions of cancellation {unknown}
 B - 2 potions of resistance {unknown}
 E - a potion of heal wounds {unknown}
 F - 2 potions of flight {unknown}
 Q - a potion of haste {unknown}


   Skills:
 + Level 8.0 Fighting
 + Level 6.8 Dodging
 - Level 2.4 Stealth
 - Level 4.0 Shields
 + Level 11.6 Spellcasting
 - Level 6.0 Conjurations
 - Level 4.0 Hexes
 * Level 9.5 Necromancy
 - Level 5.0 Translocations
 - Level 8.0 Poison Magic
 - Level 5.0 Invocations
 - Level 5.0 Evocations


You had 11 spell levels left.
You knew the following spells:

 Your Spells              Type           Power      Damage    Failure   Level
a - Magic Dart            Conj           100%       1d8       1%          1
b - Searing Ray           Conj           100%       2d8       1%          2
c - Ensorcelled Hibernat  Hex/Ice        84%        N/A       2%          2
d - Fulminant Prism       Conj/Hex       31%        3d16      4%          4
e - Iskenderun's Mystic   Conj/Tloc      64%        2d13      3%          4
f - Poisonous Vapours     Pois/Air       100%       N/A       1%          2
g - Olgreb's Toxic Radia  Pois           76%        N/A       1%          4
h - Animate Dead          Necr           52%        N/A       1%          4

Your spell library contained the following spells:

 Spells                   Type           Power      Damage    Failure   Level
 Sting                    Tmut/Pois      100%       1d8       1%          1
 Dazzling Flash           Conj/Hex       100%       N/A       1%          3
 Portal Projectile        Hex/Tloc       100%       N/A       1%          3
 Spider Form              Tmut/Pois      56%        N/A       1%          3
 Call Canine Familiar     Summ           25%        N/A       10%         3
 Leda's Liquefaction      Hex/Erth       21%        N/A       14%         4
 Lightning Bolt           Conj/Air       25%        1d41      26%         5
 Airstrike                Air            12%        N/A       32%         4
 Summon Lightning Spire   Summ/Air       25%        N/A       32%         4
 Starburst                Conj/Fire      33%        6d10      82%         6
 Haunt                    Necr/Summ      39%        N/A       98%         7
 Infestation              Necr           52%        N/A       99%         8


Dungeon Overview and Level Annotations

Branches:
Dungeon (11/15)            Temple (1/1) D:4            Lair (0/6) D:10
    Orc (0/2) D:11        Ossuary (visited)

Altars:
Ashenzari
Cheibriados
Dithmenos
Elyvilon
Fedhas
Gozag
Hepliaklqana
Kikubaaqudgha
Makhleb
Nemelex Xobeh
Okawaru
Qazlal
Ru
Sif Muna
Trog
Uskayaw
Vehumet
Wu Jian
Xom
Yredelemnul
Zin
The Shining One

Shops:
D:4 (   D:9 :

Annotations:
D:2 1 yuif, exclusion: door, Crazy Yiuf


Message History

You block the six-headed hydra's attack.
The six-headed hydra closely misses you.
The six-headed hydra bites you but does no damage.
Casting: Fulminant Prism (dangerous; 4% risk of failure)
Confirm with . or Enter, or press ? or * to list all spells.
You erupt in a blast of force!
The mystic blast hits the six-headed hydra.
The six-headed hydra is almost dead.
The six-headed hydra bites you but does no damage. x2
The six-headed hydra bites you! x3
The six-headed hydra closely misses you.
Your fulminant prism crackles loudly.
Casting: Iskenderun's Mystic Blast (dangerous; 3% risk of failure)
Confirm with . or Enter, or press ? or * to list all spells.
You erupt in a blast of force!
The mystic blast hits the six-headed hydra!
The six-headed hydra is almost dead.
The six-headed hydra is knocked back by the mystic blast.
Your fulminant prism explodes!
The blast of energy engulfs the six-headed hydra!!
You kill the six-headed hydra!
Sif Muna accepts your kill.
You start resting.
A two-headed ogre comes into view.
It is wielding a +0 giant club and a +0 giant spiked club.
A cyclops comes into view.
A deep elf pyromancer comes into view.
It is wielding a +0 rapier and carrying a wand of charming (9).
The cyclops throws a large rock.
The large rock hits you.
The deep elf pyromancer zaps a wand.
Your will is overpowered!
You are confused.
You are too confused!
You feel clever all of a sudden.
The two-headed ogre hits you with a +0 giant club!!
The two-headed ogre hits you with a +0 giant spiked club!
* * * LOW HITPOINT WARNING * * *
The deep elf pyromancer casts a spell at you.
The sticky flame misses you.
The cyclops throws a large rock.
The large rock barely misses you.
You barely miss the two-headed ogre. The two-headed ogre barely misses you.
The two-headed ogre hits you with a +0 giant spiked club!
You die...

### ### #.. ..#
####†# #C##.##.#
#....#.#.#
#........#
#...O#.###
#.##@##.# ..
#.##.. # #e#####
##'#######
#####........#
#............###
#.##............
##.######........
...# ##.####....


You could see a two-headed ogre, a cyclops and a deep elf pyromancer.

Vanquished Creatures
  Erolcha (D:11)
  2 hydras (D:11)
  A boulder beetle (D:11)
  3 two-headed ogres
  Erica (D:8)
  A centaur warrior (D:10)
  Pikel (D:8)
  An orc knight (D:10)
  2 manticores (D:10)
  A gargoyle (D:10)
  Maggie (D:9)
  2 unseen horrors (D:10)
  3 komodo dragons (D:10)
  A yaktaur (D:10)
  2 trolls
  A meliai zombie (D:11)
  4 slime creatures
  4 shadows
  3 wyverns (D:10)
  3 wraiths
  A basilisk (D:10)
  A yak (D:10)
  4 steam dragons
  3 vampire mosquitoes (D:11)
  An acid dragon (D:10)
  2 water moccasins (D:7)
  3 sky beasts
  A necrophage (D:6)
  A hornet zombie (D:5)
  An ogre (D:4)
  3 orc warriors
  2 centaurs
  3 lemures (D:8)
  A phantom (D:6)
  4 kobold brigands
  2 gnoll sergeants
  6 bullfrogs
  11 scorpions
  6 wights
  A howler monkey (D:11)
  8 centaur zombies
  5 orc priests
  2 gnoll shamans
  A hound (D:4)
  3 human zombies (Ossuary)
  A jelly (D:6)
  3 iguanas
  Jessica (D:2)
  3 scorpion zombies (Ossuary)
  Terence (D:3)
  15 orc wizards
  A hound skeleton (D:2)
  6 howler monkey zombies
  3 mummies (Ossuary)
  Robin (D:2)
  6 adders
  13 gnolls
  A shadow imp (D:6)
  2 ufetubi
  A worm (D:1)
  3 dart slugs
  61 orcs
  6 bats
  9 endoplasms
  2 giant cockroaches
  4 gnoll zombies (Ossuary)
  15 goblins
  10 hobgoblins
  3 jackals (D:5)
  8 quokkas
  3 ball pythons
  3 frilled lizards
  2 goblin zombies (Ossuary)
  2 hobgoblin zombies (Ossuary)
  11 kobolds
  3 kobold zombies (Ossuary)
  6 rats
  4 fulminant prisms
327 creatures vanquished.

Vanquished Creatures (others)
  72 fulminant prisms
72 creatures vanquished.

Grand Total: 399 creatures vanquished

Notes
Turn   | Place    | Note
-------+----------+-------------------------------------------
     0 | D:1      | Nixze the Deep Elf Conjurer began the quest for the Orb.
     0 | D:1      | Reached XP level 1. HP: 10/10 MP: 6/6
   226 | D:1      | Reached XP level 2. HP: 15/15 MP: 2/8
   345 | D:1      | Reached skill level 5 in Conjurations
   617 | D:1      | Found a faded altar of an unknown god.
  1186 | D:2      | Learned a level 2 spell: Searing Ray
  1189 | D:2      | Learned a level 2 spell: Ensorcelled Hibernation
  1208 | D:2      | Found a runed translucent door.
  1209 | D:2      | Noticed Crazy Yiuf
  1306 | D:2      | Noticed Robin
  1307 | D:2      | Reached XP level 3. HP: 19/19 MP: 3/9
  1325 | D:2      | Reached skill level 1 in Hexes
  1788 | D:2      | Noticed Jessica
  1797 | D:2      | Killed Jessica
  1798 | D:2      | Reached XP level 4. HP: 24/24 MP: 6/10
  2132 | D:2      | Killed Robin
  2841 | D:3      | Reached XP level 5. HP: 28/28 MP: 5/11
  3035 | D:3      | Noticed Terence
  3043 | D:3      | Killed Terence
  3392 | D:3      | Reached skill level 1 in Fighting
  3569 | D:3      | Reached skill level 4 in Spellcasting
  3818 | D:3      | Reached XP level 6. HP: 34/34 MP: 11/14
  3823 | D:3      | Learned a level 4 spell: Fulminant Prism
  3828 | D:3      | Learned a level 4 spell: Iskenderun's Mystic Blast
  4142 | D:4      | Found a staircase to the Ecumenical Temple.
  4152 | Temple   | Entered the Ecumenical Temple
  4394 | Temple   | Became a worshipper of Sif Muna the Loreminder
  4457 | D:4      | Found a glowing golden altar of the Shining One.
  4670 | D:4      | Reached skill level 1 in Poison Magic
  4929 | D:4      | Reached skill level 5 in Spellcasting
  4929 | D:4      | Reached XP level 7. HP: 32/40 MP: 8/16
  5711 | D:4      | Found Alur Kof's Weapon Boutique.
  5783 | D:5      | Entered Level 5 of the Dungeon
  6165 | D:5      | Learned a level 2 spell: Poisonous Vapours
  7638 | D:6      | Reached skill level 1 in Translocations
  7638 | D:6      | Reached XP level 8. HP: 48/48 MP: 8/17
  7986 | D:6      | Reached skill level 5 in Poison Magic
  8581 | D:6      | Reached * piety under Sif Muna
  8867 | D:7      | Identified 2 scrolls of acquirement
  8867 | D:7      | Acquired the +0 buckler of Ajoiggu {+Inv}
  9109 | D:7      | Reached skill level 1 in Shields
  9531 | D:7      | Reached XP level 9. HP: 52/52 MP: 5/18
  9547 | D:7      | Found a sand-covered staircase.
  9552 | Ossuary  | Entered an ossuary
 10204 | Ossuary  | Reached skill level 5 in Fighting
 10610 | D:7      | Reached skill level 1 in Invocations
 10695 | D:7      | Reached ** piety under Sif Muna
 10954 | D:7      | Reached skill level 5 in Translocations
 11276 | D:6      | Learned a level 4 spell: Olgreb's Toxic Radiance
 11711 | D:8      | Noticed Pikel
 11725 | D:8      | Killed Pikel
 11726 | D:8      | Reached skill level 6 in Spellcasting
 11870 | D:8      | Reached XP level 10. HP: 53/60 MP: 13/21
 12106 | D:8      | Noticed Erica
 12114 | D:8      | Killed Erica
 12115 | D:8      | Reached skill level 7 in Spellcasting
 12963 | D:9      | Noticed Maggie
 12972 | D:9      | Killed Maggie
 12973 | D:9      | Reached skill level 5 in Invocations
 13169 | D:9      | Reached *** piety under Sif Muna
 13678 | D:9      | Found Ygyroge's Book Shoppe.
 14021 | D:9      | Reached skill level 1 in Necromancy
 14021 | D:9      | Reached skill level 1 in Evocations
 14203 | D:9      | Noticed a two-headed ogre
 14227 | D:9      | Killed a two-headed ogre
 14361 | D:9      | Reached skill level 8 in Spellcasting
 14955 | D:9      | Noticed a two-headed ogre
 14984 | D:9      | Killed a two-headed ogre
 14985 | D:9      | Reached XP level 11. HP: 67/67 MP: 7/25
 15154 | D:10     | Entered Level 10 of the Dungeon
 15661 | D:10     | Reached skill level 9 in Spellcasting
 15700 | D:10     | Reached skill level 5 in Necromancy
 16003 | D:10     | Noticed a centaur warrior
 16010 | D:10     | Killed a centaur warrior
 16011 | D:10     | Reached skill level 5 in Evocations
 16602 | D:10     | Reached skill level 10 in Spellcasting
 16606 | D:10     | Noticed a two-headed ogre
 16617 | D:10     | Killed a two-headed ogre
 16813 | D:10     | Noticed an orc knight
 16822 | D:10     | Killed an orc knight
 17521 | D:10     | Reached skill level 5 in Dodging
 17590 | D:10     | Found a staircase to the Lair.
 18335 | D:10     | Acquired 510 gold pieces
 18400 | D:9      | Bought a book of Death for 616 gold pieces
 18405 | D:9      | Learned a level 4 spell: Animate Dead
 18488 | D:11     | Noticed Erolcha
 18600 | D:11     | Noticed a boulder beetle
 18608 | D:11     | Reached **** piety under Sif Muna
 18613 | D:11     | Killed a boulder beetle
 18614 | D:11     | Reached skill level 11 in Spellcasting
 18614 | D:11     | Reached XP level 12. HP: 57/73 MP: 1/29
 18759 | D:11     | Noticed a six-headed hydra
 18935 | D:11     | Noticed a five-headed hydra
 18945 | D:11     | Killed a five-headed hydra
 19129 | D:11     | Killed Erolcha
 19609 | D:11     | Found a staircase to the Orcish Mines.
 20123 | D:11     | Killed a six-headed hydra
 20126 | D:11     | Noticed a two-headed ogre
 20131 | D:11     | Slain by a two-headed ogre

Illustrated notes

Levels and vault maps discovered:
D:1:      sevenhm_arrival_forest_fort_small_5, layout_basic,
          shapermc_ecumenical_altar_mp_highgroup
D:2:      minmay_evil_eye, layout_rooms, kennysheep_generic_room_6, uniq_robin,
          uniq_crazy_yiuf_cottage, uniq_jessica
D:3:      layout_basic, uniq_terence
D:4:      layout_loops_cross, mainiacjoe_overflow_alcove_2,
          minmay_temple_entry_junction, serial_shops, shop
D:5:      layout_layer_cave
D:6:      layout_basic
D:7:      layout_cave_pods, nicolae_ossuary_entry_plus
D:8:      layout_cave_pools, st_stairs_3, uniq_erica, uniq_pikel
D:9:      layout_roguey, serial_co_window_serial, co_window_paths_b,
          co_window_corner_a, co_window_paths_b, co_window_corner_a,
          co_window_of_opportunity_a, co_window_corner_b, co_window_broadway_c,
          co_window_paths_c, co_window_paths_d, co_window_sun, glass_columns_b,
          glass_columns_a, glass_columns_c, glass_columns_a, glass_columns_a,
          serial_shops, kennysheep_mini_moat, uniq_maggie
D:10:     layout_basic, erik_lair_dragon, minmay_pinched_square
D:11:     minmay_ornate_pinched, layout_loops_corners, hiddenorc2_lemuel,
          kennysheep_nondescript, uniq_erolcha
Temple:   mainiacjoe_temple_archimedes_tessellation

Skill      XL: |  1  2  3  4  5  6  7  8  9 10 11 12 |
---------------+-------------------------------------+-----
Conjurations   | 5 6 |  6.0
Hexes          | 2 4 |  4.0
Dodging        | 3 4 5 6 |  6.8
Fighting       | 1 2 3 4 5 7 8 |  8.0
Spellcasting   | 4 5 6 8 11 | 11.6
Poison Magic   | 2 4 7 8 |  8.0
Translocations | 1 3 5 |  5.0
Shields        | 1 4 |  4.0
Invocations    | 3 5 |  5.0
Necromancy     | 4 8 9 |  9.5
Evocations     | 3 5 |  5.0
Stealth        | |  2.4

Action                   |  1- 3 |  4- 6 |  7- 9 | 10-12 || total
-------------------------+-------+-------+-------+-------++-------
Melee: Whip              |       |     7 |       |     5 ||    12
       Staff             |       |       |    32 |    99 ||   131
       Scimitar          |       |       |       |    13 ||    13
 Cast: Magic Dart        |    78 |   125 |   179 |   122 ||   504
       Searing Ray       |       |    10 |    21 |     8 ||    39
       Ensorcelled Hiber |       |     6 |     8 |     7 ||    21
       Poisonous Vapours |       |       |    80 |    68 ||   148
       Fulminant Prism   |       |       |    17 |    59 ||    76
       Olgreb's Toxic Ra |       |       |     5 |    29 ||    34
       Iskenderun's Myst |       |       |     1 |    81 ||    82
Evoke: Wand              |       |       |     4 |     5 ||     9
  Use: Scroll            |       |       |    14 |     3 ||    17
       Potion            |       |       |       |     2 ||     2
Armor: Robe              |       |     9 |    12 |       ||    21
       Steam dragon scal |       |       |    71 |   219 ||   290
       Leather armour    |       |       |    12 |       ||    12
       Acid dragon scale |       |       |       |     1 ||     1
Dodge: Dodged            |     3 |    29 |   171 |   179 ||   382
Block: Buckler           |       |       |       |    75 ||    75

Table legend: (Time is in decaauts)
 A = Elapsed time spent in this place.
 B = Non-inter-level travel time spent in this place.
 C = Inter-level travel time spent in this place.
 D = Time resting spent in this place.
 E = Time spent auto-exploring this place.
 F = Levels seen in this place.
 G = Mean time per level.
                   A        B        C        D        E       F      G
               +--------+--------+--------+--------+--------+-----+--------+
         Total |  20191 |  19037 |   1154 |   5406 |  10663 |  13 | 1553.2 |
       Dungeon |  18857 |  17789 |   1068 |   4833 |  10247 |  11 | 1714.3 |
        Temple |    286 |    200 |     86 |      0 |    175 |   1 |  286.0 |
       Ossuary |   1046 |   1046 |      0 |    573 |    241 |   1 | 1046.0 |
               +--------+--------+--------+--------+--------+-----+--------+

Top non-repeatable levels by time:
    D:10: 2927 daAuts
     D:9: 2691 daAuts
     D:6: 1873 daAuts
     D:7: 1686 daAuts
    D:11: 1675 daAuts
     D:5: 1657 daAuts
     D:4: 1447 daAuts
     D:1: 1405 daAuts
     D:2: 1358 daAuts
     D:3: 1292 daAuts
 Ossuary: 1046 daAuts
     D:8: 842 daAuts
  Temple: 286 daAuts
